 Dungeon Crawl Stone Soup version 0.29-a0-219-g0a02b1cf4f (webtiles) character file.

Game seed: 3348558939190564828

191 enile the Skirmisher (level 6, -2/47 HPs)
             Began as a Djinni Fire Elementalist on Feb 26, 2022.
             Killed from afar by Natasha (7 damage)
             ... with a magic dart
             ... on level 2 of the Dungeon.
             The game lasted 00:05:51 (4227 turns).

enile the Skirmisher (Djinni Fire Elementalist)     Turns: 4227, Time: 00:05:52

Health: -2/47      AC:  2    Str:  5    XL:     6   Next: 1%
Gold:   98         EV: 12    Int: 19    God:
                   SH:  4    Dex: 13

rFire   + + .      SeeInvis .   k - +2 hand axe (vorpal)
rCold   x . .      Faith    .   (no shield)
rNeg    . . .      Spirit   .   a - +0 robe
rPois   ∞          Reflect  .   (no helmet)
rElec   .          Harm     .   (no cloak)
rCorr   .          Rampage  .   (no gloves)
Will    .....                   (boots unavailable)
Stlth   ++........              (no amulet)
HPRegen 0.15/turn               (no ring)
MPRegen 0.00/turn               (no ring)

@: flying, slowed, very slow
A: sickness immunity, fire resistance 2, cold vulnerability 1, float, innate
caster, HP casting, extra vitality 1, large bone plates 1, weak 1
a: no special abilities


You were on level 2 of the Dungeon.
You visited 1 branch of the dungeon, and saw 3 of its levels.

You collected 98 gold pieces.

Inventory:

Hand Weapons
 c - a +0 whip
 k - a +2 vorpal hand axe (weapon)
Armour
 a - a +0 robe (worn)
 h - a +0 leather armour
Scrolls
 d - a scroll of identify


   Skills:
 - Level 4.0 Fighting
 - Level 3.0 Dodging
 - Level 1.9 Stealth
 + Level 3.1 Spellcasting


You couldn't memorise any spells.
You knew the following spells:

 Your Spells              Type           Power      Damage    Failure   Level
a - Foxfire               Conj/Fire      56%        2x1d6     4%          1
b - Scorch                Fire           28%        2d6       6%          2
c - Conjure Flame         Conj/Fire      14%        6-21      13%         3
d - Inner Flame           Hex/Fire       14%        N/A       13%         3
e - Flame Wave            Conj/Fire      14%        2d6       38%         4
f - Pain                  Necr           56%        1d6       4%          1
g - Call Imp              Summ           14%        N/A       6%          2
Your spell library was empty.

Dungeon Overview and Level Annotations

Branches:
Dungeon (3/15)

Altars:

Annotations:
D:2 Natasha


Innate Abilities, Weirdness & Mutations

You are immune to sickness and miasma.
You are immune to poison.
Your flesh is very heat resistant. (rF++)
You are vulnerable to cold. (rC-)
You float through the air rather than walking.
You learn spells naturally, not from books.
Your magical power is your life essence.
You have superior vitality. (+4 MHP)
You are partially covered in large bone plates. (SH +4)
You are weak. (Str -2)


Message History

The shadow imp summons a swarm of flies.
Natasha claws you.
* * * LOW HITPOINT WARNING * * *
As you read the scroll of enchant weapon, it crumbles to dust.
Your +1 vorpal hand axe glows red for a moment.
Natasha misses you.
You hit Natasha but do no damage. You block Natasha's attack.
Natasha completely misses you.
You closely miss Natasha. Natasha claws you!
* * * LOW HITPOINT WARNING * * *
Natasha mumbles some strange words.
Press: ? - help, v - describe, . - travel
Here: Natasha The floor.
You need no library to learn spells.
Press: ? - help, v - describe, . - travel
Here: Natasha The floor.
Natasha casts a spell at you. The magic dart hits you.
* * * LOW HITPOINT WARNING * * *
The shadow imp gestures at you.
You struggle to resist.
The shadow imp barely misses you.
The white imp laughs crazily.
You block the shadow imp's attack. Natasha claws you but does no damage.
The shadow imp disappears in a puff of smoke!
Natasha wildly gestures.
You feel disoriented. Natasha barely misses you.
The white imp disappears in a puff of smoke!
Natasha hisses.
Natasha misses you.
Natasha stares at you and mumbles some strange words.
You feel as though you will be slow longer.
Natasha stares at you and mumbles some strange words.
You resist with some effort. Natasha casts a spell at you.
The magic dart hits you!
You die...

)###.....# #.##.##>...........#
.[.#########.##..............##
.#...###.....#####.#...##...##
####...####### #...)..######
#..###.....### #......######♣♣♣
#....##.##..)####......≈≈≈≈≈≈≈≈♣♣
..8..#..#..#5..###.....≈≈PP≈≈≈P≈P
....##.##.####h..####.).≈≈≈≈≈≈≈≈≈
##.....#..#..###@..))...≈≈P≈P≈≈≈≈
.####.##.##....##.##....≈P≈≈≈≈≈≈≈
...#..#.)#..8..#..##....≈P≈P≈≈≈≈≈
##...##.##....##.##....≈≈≈≈≈P≈≈≈≈
.###.#...#.#..#..###...≈≈≈PP≈≈≈≈≈
...#####...####.####....≈≈≈PP≈≈≈≈
.#...#.###...#..#.##...≈≈P≈≈P≈≈≈≈
.##.##...###...##..#...≈≈≈P≈PP≈≈P
.#..#..#...###.#...#...######♣♣♣♣


You could see Natasha and a shadow imp (summoned).

Vanquished Creatures
  Natasha (twice) (D:2)
  Robin (D:2)
  3 gnolls (D:2)
  3 adders (D:2)
  A worm (D:2)
  2 dart slugs (D:2)
  5 bats
  3 endoplasms (D:1)
  2 giant cockroaches
  14 goblins
  10 hobgoblins
  2 quokkas (D:2)
  5 ball pythons
  5 frilled lizards
  2 kobolds
  11 rats
71 creatures vanquished.

Vanquished Creatures (collateral kills)
  4 foxfires
4 creatures vanquished.

Vanquished Creatures (others)
  183 foxfires
  7 plants
190 creatures vanquished.

Grand Total: 265 creatures vanquished

Notes
Turn   | Place    | Note
-------+----------+-------------------------------------------
     0 | D:1      | enile the Djinni Fire Elementalist began the quest for the
                  | Orb.
     0 | D:1      | Reached XP level 1. HP: 15/15 MP: 0/0
   369 | D:1      | Reached XP level 2. HP: 17/21 MP: 0/0
   761 | D:1      | Reached skill level 1 in Fighting
   853 | D:1      | Reached XP level 3. HP: 26/27 MP: 0/0
   853 | D:1      | Learned a level 1 spell: Pain
  1725 | D:2      | Reached skill level 2 in Fighting
  2057 | D:2      | Noticed Robin
  2201 | D:2      | Killed Robin
  2202 | D:2      | Reached XP level 4. HP: 24/34 MP: 0/0
  2439 | D:2      | Reached skill level 3 in Fighting
  2726 | D:2      | Reached XP level 5. HP: 26/40 MP: 0/0
  2726 | D:2      | Learned a level 2 spell: Call Imp
  2890 | D:2      | Reached skill level 4 in Fighting
  3228 | D:2      | Noticed Natasha
  3233 | D:2      | Killed Natasha
  3781 | D:2      | Noticed Natasha
  3788 | D:2      | Killed Natasha
  3789 | D:2      | Reached XP level 6. HP: 36/47 MP: 0/0
  3848 | D:2      | Noticed Natasha
  3871 | D:2      | Gained mutation: You are weak. (Str -2) [potion of
                  | mutation]
  3871 | D:2      | Gained mutation: You are partially covered in large bone
                  | plates. (SH +4) [potion of mutation]
  3877 | D:2      | HP: 2/47 [white imp/puff of frost[Natasha] (15)]
  4227 | D:2      | Killed from afar by Natasha

Illustrated notes

Levels and vault maps discovered:
D:1:      lemuel_arrival_hallway, layout_loops_corners, serial_bayou_pond_b,
          minmay_misc_feat_columns, chequers_big_river
D:2:      minmay_skewed_foursquare, layout_rooms, serial_bayou,
          serial_bayou_pond_d, serial_bayou_shore_a, serial_bayou_shore_b,
          serial_bayou_ford_a, minivault_5, minmay_box_of_dots, uniq_robin,
          uniq_natasha
D:3:      layout_basic, shapermc_ecumenical_altar_petra

Skill      XL: |  1  2  3  4  5 |
---------------+----------------+-----
Fighting       | 1 2 3 4 |  4.0
Dodging        | 3 |  3.0
Spellcasting   | 3 |  3.1
Stealth        | |  1.9

Action                   |  1- 3 |  4- 6 || total
-------------------------+-------+-------++-------
Melee: Whip              |     4 |       ||     4
       Hand axe          |       |     3 ||     3
 Cast: Foxfire           |    74 |    44 ||   118
       Scorch            |     6 |    30 ||    36
  Use: Scroll            |       |     8 ||     8
       Potion            |       |     3 ||     3
Armor: Robe              |     4 |     2 ||     6
Dodge: Dodged            |    12 |    40 ||    52
Block: Other             |       |     8 ||     8

Table legend: (Time is in decaauts)
 A = Elapsed time spent in this place.
 B = Non-inter-level travel time spent in this place.
 C = Inter-level travel time spent in this place.
 D = Time resting spent in this place.
 E = Time spent auto-exploring this place.
 F = Levels seen in this place.
 G = Mean time per level.
                   A        B        C        D        E       F      G
               +--------+--------+--------+--------+--------+-----+--------+
         Total |   4256 |   3999 |    257 |    398 |   3048 |   3 | 1418.7 |
       Dungeon |   4256 |   3999 |    257 |    398 |   3048 |   3 | 1418.7 |
               +--------+--------+--------+--------+--------+-----+--------+

Top non-repeatable levels by time:
     D:2: 2463 daAuts
     D:1: 1786 daAuts
     D:3: 5 daAuts
